Boston Bruins vs Detroit Red Wings
Created - Friday, March 17, 2023 at 11:39
Goals
|
| Boston Bruins |
1 |
3 |
2 |
6 |
| Detroit Red Wings |
1 |
2 |
2 |
5 |
|
Shots
|
| Boston Bruins |
12 |
17 |
12 |
41 |
| Detroit Red Wings |
12 |
15 |
12 |
39 |
|
1st period
1. Boston Bruins , Danton Heinen 1 (Vincent Trocheck 4, Ryan Donato 2) at 8:09
2. Detroit Red Wings , Arthur Kaliyev 1 (MacKenzie Weegar 2, Kris Letang 2) at 13:17
Penalties :
No Penalty
2nd period
3. Boston Bruins , Joel Farabee 3 (Sean Durzi 2, Brandon Hagel 2) at 2:06 (PP)
4. Boston Bruins , Vincent Trocheck 6 (Phil Kessel 6, Oliver Bjorkstrand 5) at 2:36 (PP)
5. Detroit Red Wings , Jason Spezza 2 (Kris Letang 3, Daniel Sprong 2) at 9:41
6. Detroit Red Wings , Mika Zibanejad 1 (Jared McCann 1) at 15:35
7. Boston Bruins , Tyson Barrie 1 (Vincent Trocheck 5) at 19:08
Penalties :
MacKenzie Weegar (DET) for Slashing (Minor) at 1:55, MacKenzie Weegar (DET) for Tripping (Minor) at 2:29, Brock Nelson (DET) for High sticking (Minor) at 6:07, Tyler Ennis (DET) for Holding (Minor) at 13:07, Vincent Trocheck (BOS) for Slashing (Minor) at 15:46
3rd period
8. Boston Bruins , Phil Kessel 1 (Oliver Bjorkstrand 6, Samuel Girard 1) at 3:49
9. Boston Bruins , Oliver Bjorkstrand 2 (Sean Durzi 3) at 4:00
10. Detroit Red Wings , Auston Matthews 3 (Shayne Gostisbehere 1) at 10:33
11. Detroit Red Wings , Brock Nelson 3 (Jared McCann 2, Mika Zibanejad 4) at 14:48
Penalties :
Kris Letang (DET) for Slashing (Minor) at 12:03
Goalie Stats
David Rittich (BOS), 34 saves from 39 shots - (0.872), W, 2-0-2, 60:00 minutes
Semyon Varlamov (DET), 35 saves from 41 shots - (0.854), L, 1-1-0, 59:07 minutes
Players Stats for Boston Bruins
Player Name G A P +/- PIM S H SB GA TA FO MP PP MP PK MP
------------------------------------------------------------------------------------
Anthony Beauvillier 0 0 0 0 0 2 0 1 0 0 0/1 13:20 0:00 0:48
Brandon Hagel 0 1 1 -2 0 2 0 1 0 2 0/0 17:58 2:53 0:00
Brock McGinn 0 0 0 0 0 0 0 0 0 0 0/1 6:57 0:00 0:00
Charlie McAvoy 0 0 0 0 0 5 3 3 0 1 0/0 28:41 4:05 1:15
Danton Heinen 1 0 1 0 0 2 0 0 0 0 0/1 6:57 0:00 0:00
Joel Farabee 1 0 1 -2 0 5 2 0 1 0 0/1 18:10 2:53 0:12
Joonas Donskoi 0 0 0 0 0 0 1 0 0 1 0/1 13:23 0:00 0:51
Mason Appleton 0 0 0 -1 0 0 0 0 0 0 0/1 0:47 0:03 0:00
Matt Grzelcyk 0 0 0 0 0 0 0 2 0 0 0/0 11:47 0:00 0:00
Nick Paul 0 0 0 -2 0 2 1 1 0 0 7/14 18:14 2:53 0:16
Oliver Bjorkstrand 1 2 3 1 0 7 1 0 0 1 0/0 21:33 3:22 0:59
Phil Kessel 1 1 2 1 0 4 1 0 1 0 0/0 20:34 3:22 0:00
Ryan Donato 0 1 1 0 0 2 0 0 1 0 1/5 13:24 0:00 0:52
Samuel Girard 0 1 1 -1 0 0 2 0 0 1 0/0 19:32 2:10 0:44
Sean Durzi 0 2 2 0 0 2 0 2 1 2 0/0 28:41 4:05 1:15
Tyson Barrie 1 0 1 -1 0 1 2 0 0 1 0/0 19:32 2:10 0:44
Victor Mete 0 0 0 0 0 0 0 1 0 0 0/0 11:47 0:00 0:00
Vincent Trocheck 1 2 3 2 2 7 2 2 2 1 17/30 26:43 3:19 0:00
Players Stats for Detroit Red Wings
Player Name G A P +/- PIM S H SB GA TA FO MP PP MP PK MP
------------------------------------------------------------------------------------
Adam Erne 0 0 0 -1 0 0 1 0 0 0 0/0 14:31 0:00 3:07
Arthur Kaliyev 1 0 1 1 0 1 1 1 0 0 0/1 18:10 0:00 0:06
Auston Matthews 1 0 1 1 0 7 4 2 1 0 11/27 19:30 1:00 0:00
Brock Nelson 1 0 1 1 2 2 1 0 1 1 0/0 14:41 1:00 0:00
Daniel Sprong 0 1 1 0 0 4 0 0 0 0 0/0 7:41 0:00 0:00
Jamie Drysdale 0 0 0 -2 0 0 0 1 0 0 0/0 20:14 0:38 0:17
Jared McCann 0 2 2 1 0 5 3 0 1 1 0/0 14:49 0:59 0:00
Jason Spezza 1 0 1 0 0 6 0 0 0 0 3/3 8:07 0:00 0:06
Jonathan Huberdeau 0 0 0 1 0 3 0 0 2 3 1/2 22:33 1:00 3:02
Keith Yandle 0 0 0 1 0 0 1 1 0 0 0/0 12:41 0:00 0:55
Kris Letang 0 2 2 2 2 3 0 1 0 0 0/0 27:38 1:21 2:03
MacKenzie Weegar 0 1 1 2 4 1 2 1 0 1 0/0 25:56 1:21 3:21
Michael Del Zotto 0 0 0 1 0 0 4 0 0 0 0/0 14:35 0:00 3:24
Michael McCarron 0 0 0 0 0 0 0 0 0 0 0/0 7:38 0:00 0:00
Mika Zibanejad 1 1 2 1 0 4 1 1 2 0 8/12 19:06 0:59 3:02
Sean Couturier 0 0 0 -1 0 2 0 1 1 0 6/8 15:12 0:59 3:07
Shayne Gostisbehere 0 1 1 -2 0 0 1 0 0 0 0/0 18:54 0:38 2:30
Tyler Ennis 0 0 0 -1 2 1 2 0 2 0 1/2 11:44 0:00 0:00
3 Stars
1 - Vincent Trocheck (BOS)
2 - Oliver Bjorkstrand (BOS)
3 - Phil Kessel (BOS)
Power Play
Boston Bruins - 2 on 5 Attempt(s) - 40.00%
Detroit Red Wings - 0 on 1 Attempt(s) - 0.00%
Penalty Kill
Boston Bruins - 1 on 1 Attempt(s) - 100.00%
- Score 0 goal in Penalty Kill
Detroit Red Wings - 3 on 5 Attempt(s) - 60.00%
- Score 0 goal in Penalty Kill
Team Stat
Boston Bruins - Hits : 15 - Faceoff Wins : 25 - Blocked Shots : 13 - Penalty Minutes : 2
Detroit Red Wings - Hits : 21 - Faceoff Wins : 30 - Blocked Shots : 9 - Penalty Minutes : 10
Official
Referees : Kevin Pollock and Dean Morton
Linesman : Tim Nowak and Matt MacPherson
Game Notes
No Game Note
Finance
Level 1 -- Attendance: 5260 (87.67%) -- Ticket Income $526,000
Level 2 -- Attendance: 4239 (84.78%) -- Ticket Income $254,340
Level 3 -- Attendance: 3000 (100.00%) -- Ticket Income $105,000
Level 4 -- Attendance: 3648 (72.96%) -- Ticket Income $91,200
Luxury Box -- Attendance: 853 (85.30%) -- Ticket Income $170,600
Game was played at the Joe Louis Arena.
Total Attendance: 17000 (85.00%)
Total Ticket Income: $1,147,140
Other Income: $401,499
Total Income: $1,548,639
Boston Bruins
5 vs 5 Forward
Center Left Wing Right Wing Time % Phy DF OF
1 Vincent Trocheck Oliver Bjorkstrand Phil Kessel 40 1 2 2
2 Nick Paul Brandon Hagel Joel Farabee 30 1 2 2
3 Ryan Donato Anthony Beauvillier Joonas Donskoi 20 1 2 2
4 Vincent Trocheck Brock McGinn Danton Heinen 10 1 2 2
5 vs 5 Defense
Defense Defense Time % Phy DF OF
1 Charlie McAvoy Sean Durzi 40 1 2 2
2 Tyson Barrie Samuel Girard 30 1 2 2
3 Matt Grzelcyk Victor Mete 20 1 2 2
4 Charlie McAvoy Sean Durzi 10 1 2 2
PowerPlay Forward
Center Left Wing Right Wing Time % Phy DF OF
1 Vincent Trocheck Oliver Bjorkstrand Phil Kessel 60 1 2 2
2 Nick Paul Brandon Hagel Joel Farabee 40 1 2 2
PowerPlay Defense
Defense Defense Time % Phy DF OF
1 Charlie McAvoy Sean Durzi 60 1 2 2
2 Tyson Barrie Samuel Girard 40 1 2 2
Penalty Kill 4 Players Forward
Center Wing Time % Phy DF OF
1 Vincent Trocheck Oliver Bjorkstrand 60 1 2 2
2 Phil Kessel Brandon Hagel 40 1 2 2
Penalty Kill 4 Players Defense
Defense Defense Time % Phy DF OF
1 Charlie McAvoy Sean Durzi 60 1 2 2
2 Tyson Barrie Samuel Girard 40 1 2 2
Penalty Kill - 3 Players Forward
Forward Time % Phy DF OF
1 Vincent Trocheck 60 1 2 2
2 Oliver Bjorkstrand 40 1 2 2
Penalty Kill - 3 Players Defense
Defense Defense Time % Phy DF OF
1 Charlie McAvoy Sean Durzi 60 1 2 2
2 Tyson Barrie Samuel Girard 40 1 2 2
4 vs 4 Forward
Center Wing Time % Phy DF OF
1 Vincent Trocheck Oliver Bjorkstrand 60 1 2 2
2 Phil Kessel Brandon Hagel 40 1 2 2
4 vs 4 Defense
Defense Defense Time % Phy DF OF
1 Charlie McAvoy Sean Durzi 60 1 2 2
2 Tyson Barrie Samuel Girard 40 1 2 2
Last Minutes Offensive
Center Left Wing Right Wing Defense Defense
Vincent Trocheck Oliver Bjorkstrand Phil Kessel Charlie McAvoy Sean Durzi
Last Minutes Defensive
Center Left Wing Right Wing Defense Defense
Vincent Trocheck Oliver Bjorkstrand Phil Kessel Charlie McAvoy Sean Durzi
Goaltenders
Starting : David Rittich
Backup : Pyotr Kochetkov
Extra Forwards
Normal : Mason Appleton, Anthony Beauvillier, Joonas Donskoi - PP : Mason Appleton, Anthony Beauvillier - PK : Joonas Donskoi
Extra Defensemen
Normal : Matt Grzelcyk, Victor Mete, Tyson Barrie - PP : Matt Grzelcyk - PK : Victor Mete, Tyson Barrie
Penalty Shots
Vincent Trocheck, Oliver Bjorkstrand, Phil Kessel, Brandon Hagel, Nick Paul
Detroit Red Wings
5 vs 5 Forward
Center Left Wing Right Wing Time % Phy DF OF
1 Auston Matthews Jonathan Huberdeau Arthur Kaliyev 40 1 2 2
2 Mika Zibanejad Jared McCann Brock Nelson 30 1 2 2
3 Sean Couturier Tyler Ennis Adam Erne 20 1 2 2
4 Jason Spezza Michael McCarron Daniel Sprong 10 1 2 2
5 vs 5 Defense
Defense Defense Time % Phy DF OF
1 Kris Letang MacKenzie Weegar 40 1 2 2
2 Shayne Gostisbehere Jamie Drysdale 30 1 2 2
3 Michael Del Zotto Keith Yandle 20 1 2 2
4 Kris Letang Jamie Drysdale 10 1 2 2
PowerPlay Forward
Center Left Wing Right Wing Time % Phy DF OF
1 Auston Matthews Jonathan Huberdeau Brock Nelson 50 1 2 2
2 Mika Zibanejad Jared McCann Sean Couturier 50 1 2 2
PowerPlay Defense
Defense Defense Time % Phy DF OF
1 Kris Letang MacKenzie Weegar 50 1 2 2
2 Shayne Gostisbehere Jamie Drysdale 50 1 2 2
Penalty Kill 4 Players Forward
Center Wing Time % Phy DF OF
1 Sean Couturier Adam Erne 50 1 2 2
2 Mika Zibanejad Jonathan Huberdeau 50 1 2 2
Penalty Kill 4 Players Defense
Defense Defense Time % Phy DF OF
1 Kris Letang MacKenzie Weegar 50 1 2 2
2 Shayne Gostisbehere Michael Del Zotto 50 1 2 2
Penalty Kill - 3 Players Forward
Forward Time % Phy DF OF
1 Mika Zibanejad 50 1 2 2
2 Sean Couturier 50 1 2 2
Penalty Kill - 3 Players Defense
Defense Defense Time % Phy DF OF
1 Kris Letang MacKenzie Weegar 50 1 2 2
2 Shayne Gostisbehere Jamie Drysdale 50 1 2 2
4 vs 4 Forward
Center Wing Time % Phy DF OF
1 Auston Matthews Jonathan Huberdeau 60 1 2 2
2 Mika Zibanejad Sean Couturier 40 1 2 2
4 vs 4 Defense
Defense Defense Time % Phy DF OF
1 Kris Letang MacKenzie Weegar 60 1 2 2
2 Shayne Gostisbehere Jamie Drysdale 40 1 2 2
Last Minutes Offensive
Center Left Wing Right Wing Defense Defense
Auston Matthews Jonathan Huberdeau Mika Zibanejad Kris Letang MacKenzie Weegar
Last Minutes Defensive
Center Left Wing Right Wing Defense Defense
Auston Matthews Sean Couturier Mika Zibanejad Kris Letang MacKenzie Weegar
Goaltenders
Starting : Semyon Varlamov
Backup : Sergei Bobrovsky
Extra Forwards
Normal : Sean Couturier, Daniel Sprong, Arthur Kaliyev - PP : Jason Spezza, Michael McCarron - PK : Jason Spezza
Extra Defensemen
Normal : Michael Del Zotto, Keith Yandle, Shayne Gostisbehere - PP : Keith Yandle - PK : Michael Del Zotto, Keith Yandle
Penalty Shots
Kris Letang, Jonathan Huberdeau, Auston Matthews, Sean Couturier, Mika Zibanejad
% Time on Ice - Boston Bruins
Lines # - Real PCT - Wanted PCT - Time Play
Normal Forward
1 - 32% - 40% - 15:59
2 - 30% - 30% - 15:05
3 - 25% - 20% - 12:32
4 - 14% - 10% - 6:57
Normal Defense
1 - 39% - 40% - 19:53
2 - 33% - 30% - 16:38
3 - 23% - 20% - 11:47
4 - 4% - 10% - 2:15
PP Forward
1 - 54% - 60% - 3:22
2 - 46% - 40% - 2:53
PP Defense
1 - 65% - 60% - 4:05
2 - 35% - 40% - 2:10
PK Forward
1 - 100% - 60% - 1:59
2 - 0% - 40% - 0:00
PK Defense
1 - 63% - 60% - 1:15
2 - 37% - 40% - 0:44
PK3 Forward
1 - 0% - 60%
2 - 0% - 40%
PK3 Defense
1 - 0% - 60%
2 - 0% - 40%
44 Forward
1 - 0% - 60%
2 - 0% - 40%
44 Defense
1 - 0% - 60%
2 - 0% - 40%
Last Minute Offensive - 0:00
Last Minute Defensive - 1:13
Total
Forward - 60:00
Defense - 60:00
|
% Time on Ice - Detroit Red Wings
Lines # - Real PCT - Wanted PCT - Time Play
Normal Forward
1 - 34% - 40% - 17:18
2 - 28% - 30% - 14:14
3 - 22% - 20% - 11:22
4 - 15% - 10% - 7:38
Normal Defense
1 - 40% - 40% - 20:02
2 - 31% - 30% - 15:46
3 - 22% - 20% - 11:11
4 - 7% - 10% - 3:33
PP Forward
1 - 50% - 50% - 1:00
2 - 50% - 50% - 0:59
PP Defense
1 - 68% - 50% - 1:21
2 - 32% - 50% - 0:38
PK Forward
1 - 50% - 50% - 3:07
2 - 50% - 50% - 3:08
PK Defense
1 - 60% - 50% - 3:45
2 - 40% - 50% - 2:30
PK3 Forward
1 - 0% - 50%
2 - 0% - 50%
PK3 Defense
1 - 0% - 50%
2 - 0% - 50%
44 Forward
1 - 0% - 60%
2 - 0% - 40%
44 Defense
1 - 0% - 60%
2 - 0% - 40%
Last Minute Offensive - 1:14
Last Minute Defensive - 0:00
Total
Forward - 60:00
Defense - 60:00
|
Play-by-Play
1st period
0:01 of 1st period - Vincent Trocheck wins face-off versus Auston Matthews in neutral zone.
0:10 of 1st period - Snap shot by Vincent Trocheck.
0:10 of 1st period - Shot Misses the Net.
0:26 of 1st period - Mika Zibanejad is hit by Charlie McAvoy and loses puck.
0:51 of 1st period - Jamie Drysdale is hit by Charlie McAvoy and loses puck.
1:54 of 1st period - Wrist shot by Brandon Hagel.
1:54 of 1st period - Stopped by Semyon Varlamov without a rebound.
1:55 of 1st period - Sean Couturier wins face-off versus Ryan Donato in Detroit Red Wings zone.
2:43 of 1st period - Nick Paul is hit by Brock Nelson and loses puck.
2:54 of 1st period - Slapshot by Mika Zibanejad.
2:54 of 1st period - Stopped by David Rittich without a rebound.
2:55 of 1st period - Jason Spezza wins face-off versus Vincent Trocheck in Boston Bruins zone.
2:58 of 1st period - Snap shot by Daniel Sprong.
2:58 of 1st period - Shot Misses the Net.
3:39 of 1st period - Slapshot by Ryan Donato.
3:39 of 1st period - Stopped by Semyon Varlamov with a rebound.
4:30 of 1st period - Wrist shot by Joel Farabee.
4:30 of 1st period - Shot Blocked by Auston Matthews.
4:32 of 1st period - Wrist shot by Nick Paul.
4:32 of 1st period - Stopped by Semyon Varlamov with a rebound.
4:54 of 1st period - Samuel Girard is hit by Michael Del Zotto and loses puck.
5:01 of 1st period - Michael Del Zotto is hit by Samuel Girard and loses puck.
5:14 of 1st period - Snap shot by Anthony Beauvillier.
5:14 of 1st period - Shot Misses the Net.
5:16 of 1st period - Wrist shot by Anthony Beauvillier.
5:16 of 1st period - Stopped by Semyon Varlamov without a rebound.
5:17 of 1st period - Auston Matthews wins face-off versus Vincent Trocheck in Detroit Red Wings zone.
5:36 of 1st period - Sean Durzi is hit by Auston Matthews and loses puck.
5:53 of 1st period - Wrist shot by Vincent Trocheck.
5:53 of 1st period - Stopped by Semyon Varlamov without a rebound.
5:54 of 1st period - Sean Couturier wins face-off versus Nick Paul in Detroit Red Wings zone.
7:13 of 1st period - Snap shot by Jonathan Huberdeau.
7:13 of 1st period - Shot Misses the Net.
7:22 of 1st period - Icing by Kris Letang.
7:23 of 1st period - Vincent Trocheck wins face-off versus Auston Matthews in Detroit Red Wings zone.
8:09 of 1st period - Slapshot by Danton Heinen.
8:09 of 1st period - Goal by Danton Heinen - Boston Bruins : 1 - Detroit Red Wings : 0.
8:10 of 1st period - Auston Matthews wins face-off versus Vincent Trocheck in neutral zone.
8:18 of 1st period - Snap shot by Oliver Bjorkstrand.
8:18 of 1st period - Deflect By Vincent Trocheck.
8:18 of 1st period - Shot Misses the Net.
8:18 of 1st period - Puck is out of play.
8:19 of 1st period - Vincent Trocheck wins face-off versus Auston Matthews in Detroit Red Wings zone.
8:33 of 1st period - Snap shot by Oliver Bjorkstrand.
8:33 of 1st period - Shot Misses the Net.
8:37 of 1st period - Wrist shot by Vincent Trocheck.
8:37 of 1st period - Shot Blocked by Jamie Drysdale.
8:39 of 1st period - Slapshot by Charlie McAvoy.
8:39 of 1st period - Stopped by Semyon Varlamov with a rebound.
8:41 of 1st period - Wrist shot by Sean Durzi.
8:41 of 1st period - Deflect By Shayne Gostisbehere.
8:41 of 1st period - Stopped by Semyon Varlamov with a rebound.
9:01 of 1st period - Snap shot by Oliver Bjorkstrand.
9:01 of 1st period - Deflect By Auston Matthews.
9:01 of 1st period - Shot Misses the Net.
9:01 of 1st period - Puck is out of play.
9:02 of 1st period - Mika Zibanejad wins face-off versus Nick Paul in Detroit Red Wings zone.
9:19 of 1st period - Wrist shot by Mika Zibanejad.
9:19 of 1st period - Stopped by David Rittich without a rebound.
9:20 of 1st period - Tyler Ennis wins face-off versus Anthony Beauvillier in Boston Bruins zone.
9:21 of 1st period - Snap shot by Sean Couturier.
9:21 of 1st period - Stopped by David Rittich with a rebound.
9:39 of 1st period - Charlie McAvoy is hit by Tyler Ennis and loses puck.
9:56 of 1st period - Slapshot by Jared McCann.
9:56 of 1st period - Shot Misses the Net.
9:58 of 1st period - Wrist shot by Mika Zibanejad.
9:58 of 1st period - Stopped by David Rittich with a rebound.
10:00 of 1st period - Wrist shot by Jared McCann.
10:00 of 1st period - Shot Misses the Net.
10:02 of 1st period - Wrist shot by Brock Nelson.
10:02 of 1st period - Shot Blocked by Vincent Trocheck.
10:04 of 1st period - Snap shot by Mika Zibanejad.
10:04 of 1st period - Shot Misses the Net.
10:06 of 1st period - Slapshot by Michael Del Zotto.
10:06 of 1st period - Deflect By Mika Zibanejad.
10:06 of 1st period - Shot Blocked by Vincent Trocheck.
10:06 of 1st period - Puck is out of play.
10:07 of 1st period - Jason Spezza wins face-off versus Nick Paul in Boston Bruins zone.
11:08 of 1st period - Icing by Mika Zibanejad.
11:09 of 1st period - Mika Zibanejad wins face-off versus Vincent Trocheck in Detroit Red Wings zone.
12:10 of 1st period - Snap shot by Mika Zibanejad.
12:10 of 1st period - Deflect By Jared McCann.
12:10 of 1st period - Shot Blocked by Charlie McAvoy.
12:10 of 1st period - Puck is out of play.
12:11 of 1st period - Auston Matthews wins face-off versus Nick Paul in Boston Bruins zone.
12:12 of 1st period - Snap shot by Jonathan Huberdeau.
12:12 of 1st period - Stopped by David Rittich with a rebound.
12:14 of 1st period - Wrist shot by Jonathan Huberdeau.
12:14 of 1st period - Stopped by David Rittich without a rebound.
12:15 of 1st period - Nick Paul wins face-off versus Arthur Kaliyev in Boston Bruins zone.
13:11 of 1st period - Slapshot by Auston Matthews.
13:11 of 1st period - Shot Misses the Net.
13:13 of 1st period - Snap shot by Kris Letang.
13:13 of 1st period - Shot Blocked by Nick Paul.
13:15 of 1st period - Slapshot by MacKenzie Weegar.
13:15 of 1st period - Shot Blocked by Brandon Hagel.
13:17 of 1st period - Snap shot by Arthur Kaliyev.
13:17 of 1st period - Goal by Arthur Kaliyev - Boston Bruins : 1 - Detroit Red Wings : 1.
13:18 of 1st period - Sean Couturier wins face-off versus Vincent Trocheck in neutral zone.
13:50 of 1st period - Wrist shot by Jason Spezza.
13:50 of 1st period - Stopped by David Rittich with a rebound.
14:24 of 1st period - Wrist shot by Sean Couturier.
14:24 of 1st period - Stopped by David Rittich with a rebound.
14:50 of 1st period - Wrist shot by Anthony Beauvillier.
14:50 of 1st period - Stopped by Semyon Varlamov with a rebound.
14:52 of 1st period - Snap shot by Joonas Donskoi.
14:52 of 1st period - Shot Blocked by Auston Matthews.
14:54 of 1st period - Wrist shot by Joonas Donskoi.
14:54 of 1st period - Shot Misses the Net.
14:56 of 1st period - Wrist shot by Joonas Donskoi.
14:56 of 1st period - Shot Misses the Net.
15:06 of 1st period - Slapshot by Vincent Trocheck.
15:06 of 1st period - Deflect By Danton Heinen.
15:06 of 1st period - Stopped by Semyon Varlamov with a rebound.
15:46 of 1st period - Icing by Sean Couturier.
15:47 of 1st period - Sean Couturier wins face-off versus Ryan Donato in Detroit Red Wings zone.
15:58 of 1st period - Wrist shot by Tyler Ennis.
15:58 of 1st period - Shot Misses the Net.
16:16 of 1st period - Phil Kessel is hit by Keith Yandle and loses puck.
16:39 of 1st period - Brandon Hagel is hit by Michael Del Zotto and loses puck.
16:50 of 1st period - Snap shot by Jared McCann.
16:50 of 1st period - Stopped by David Rittich with a rebound.
16:52 of 1st period - Snap shot by Jared McCann.
16:52 of 1st period - Shot Misses the Net.
17:02 of 1st period - Backhand shot by Vincent Trocheck.
17:02 of 1st period - Stopped by Semyon Varlamov with a rebound.
17:06 of 1st period - Slapshot by Vincent Trocheck.
17:06 of 1st period - Stopped by Semyon Varlamov with a rebound.
17:08 of 1st period - Slapshot by Victor Mete.
17:08 of 1st period - Shot Misses the Net.
17:10 of 1st period - Snap shot by Brock McGinn.
17:10 of 1st period - Shot Misses the Net.
17:12 of 1st period - Snap shot by Brock McGinn.
17:12 of 1st period - Shot Misses the Net.
17:24 of 1st period - Kris Letang is hit by Charlie McAvoy and loses puck.
17:59 of 1st period - Sean Durzi is hit by MacKenzie Weegar and loses puck.
18:19 of 1st period - Snap shot by Jared McCann.
18:19 of 1st period - Stopped by David Rittich with a rebound.
18:33 of 1st period - Slapshot by Ryan Donato.
18:33 of 1st period - Shot Misses the Net.
18:51 of 1st period - Wrist shot by Tyler Ennis.
18:51 of 1st period - Stopped by David Rittich with a rebound.
19:41 of 1st period - Vincent Trocheck is hit by Jared McCann and loses puck.
19:52 of 1st period - Icing by Shayne Gostisbehere.
19:53 of 1st period - Mika Zibanejad wins face-off versus Nick Paul in Detroit Red Wings zone.
Goals for this period are 1 for Boston Bruins vs 1 for Detroit Red Wings.
Shots for this period are 12 for Boston Bruins vs 12 for Detroit Red Wings.
2nd period
0:01 of 2nd period - Vincent Trocheck wins face-off versus Auston Matthews in neutral zone.
0:06 of 2nd period - Snap shot by Phil Kessel.
0:06 of 2nd period - Stopped by Semyon Varlamov with a rebound.
1:09 of 2nd period - Wrist shot by Daniel Sprong.
1:09 of 2nd period - Stopped by David Rittich without a rebound.
1:10 of 2nd period - Auston Matthews wins face-off versus Danton Heinen in Boston Bruins zone.
1:29 of 2nd period - Kris Letang is hit by Vincent Trocheck and loses puck.
1:38 of 2nd period - Snap shot by Danton Heinen.
1:38 of 2nd period - Shot Blocked by MacKenzie Weegar.
1:55 of 2nd period - Minor Penalty to MacKenzie Weegar for Slashing.
1:56 of 2nd period - Nick Paul wins face-off versus Sean Couturier in Detroit Red Wings zone.
1:58 of 2nd period - Slapshot by Joel Farabee.
1:58 of 2nd period - Deflect By Nick Paul.
1:58 of 2nd period - Stopped by Semyon Varlamov with a rebound.
2:00 of 2nd period - Slapshot by Charlie McAvoy.
2:00 of 2nd period - Stopped by Semyon Varlamov with a rebound.
2:02 of 2nd period - Slapshot by Charlie McAvoy.
2:02 of 2nd period - Deflect By Shayne Gostisbehere.
2:02 of 2nd period - Stopped by Semyon Varlamov with a rebound.
2:04 of 2nd period - Wrist shot by Brandon Hagel.
2:04 of 2nd period - Stopped by Semyon Varlamov with a rebound.
2:06 of 2nd period - Slapshot by Sean Durzi.
2:06 of 2nd period - Deflect By Joel Farabee.
2:06 of 2nd period - Goal by Joel Farabee - Boston Bruins : 2 - Detroit Red Wings : 1.
2:07 of 2nd period - Vincent Trocheck wins face-off versus Auston Matthews in neutral zone.
2:16 of 2nd period - Snap shot by Vincent Trocheck.
2:16 of 2nd period - Stopped by Semyon Varlamov with a rebound.
2:18 of 2nd period - Slapshot by Charlie McAvoy.
2:18 of 2nd period - Stopped by Semyon Varlamov without a rebound.
2:19 of 2nd period - Vincent Trocheck wins face-off versus Auston Matthews in Detroit Red Wings zone.
2:26 of 2nd period - Backhand shot by Oliver Bjorkstrand.
2:26 of 2nd period - Stopped by Semyon Varlamov without a rebound.
2:27 of 2nd period - Auston Matthews wins face-off versus Vincent Trocheck in Detroit Red Wings zone.
2:29 of 2nd period - Minor Penalty to MacKenzie Weegar for Tripping.
2:30 of 2nd period - Vincent Trocheck wins face-off versus Mika Zibanejad in Detroit Red Wings zone.
2:34 of 2nd period - Wrist shot by Vincent Trocheck.
2:34 of 2nd period - Shot Blocked by Kris Letang.
2:36 of 2nd period - Wrist shot by Vincent Trocheck.
2:36 of 2nd period - Goal by Vincent Trocheck - Boston Bruins : 3 - Detroit Red Wings : 1.
2:37 of 2nd period - Vincent Trocheck wins face-off versus Auston Matthews in neutral zone.
3:04 of 2nd period - Sean Durzi is hit by Adam Erne and loses puck.
3:49 of 2nd period - Wrist shot by Oliver Bjorkstrand.
3:49 of 2nd period - Stopped by Semyon Varlamov with a rebound.
3:51 of 2nd period - Snap shot by Oliver Bjorkstrand.
3:51 of 2nd period - Stopped by Semyon Varlamov with a rebound.
3:53 of 2nd period - Slapshot by Charlie McAvoy.
3:53 of 2nd period - Stopped by Semyon Varlamov without a rebound.
3:54 of 2nd period - Auston Matthews wins face-off versus Nick Paul in Detroit Red Wings zone.
4:19 of 2nd period - Oliver Bjorkstrand is hit by Tyler Ennis.
4:43 of 2nd period - Snap shot by Mika Zibanejad.
4:43 of 2nd period - Deflect By Jared McCann.
4:43 of 2nd period - Stopped by David Rittich with a rebound.
4:45 of 2nd period - Wrist shot by Jared McCann.
4:45 of 2nd period - Shot Misses the Net.
4:47 of 2nd period - Wrist shot by Brock Nelson.
4:47 of 2nd period - Stopped by David Rittich with a rebound.
4:49 of 2nd period - Snap shot by Brock Nelson.
4:49 of 2nd period - Shot Misses the Net.
5:25 of 2nd period - Snap shot by Vincent Trocheck.
5:25 of 2nd period - Stopped by Semyon Varlamov without a rebound.
5:26 of 2nd period - Vincent Trocheck wins face-off versus Auston Matthews in Detroit Red Wings zone.
6:07 of 2nd period - Minor Penalty to Brock Nelson for High sticking.
6:08 of 2nd period - Vincent Trocheck wins face-off versus Mika Zibanejad in Detroit Red Wings zone.
6:19 of 2nd period - Snap shot by Charlie McAvoy.
6:19 of 2nd period - Shot Blocked by Sean Couturier.
6:55 of 2nd period - Phil Kessel is hit by Michael Del Zotto and loses puck.
7:16 of 2nd period - Slapshot by Joel Farabee.
7:16 of 2nd period - Stopped by Semyon Varlamov with a rebound.
7:18 of 2nd period - Snap shot by Brandon Hagel.
7:18 of 2nd period - Shot Blocked by Mika Zibanejad.
7:20 of 2nd period - Wrist shot by Joel Farabee.
7:20 of 2nd period - Shot Misses the Net.
7:22 of 2nd period - Slapshot by Charlie McAvoy.
7:22 of 2nd period - Deflect By Joel Farabee.
7:22 of 2nd period - Stopped by Semyon Varlamov without a rebound.
7:23 of 2nd period - Nick Paul wins face-off versus Mika Zibanejad in Detroit Red Wings zone.
8:07 of 2nd period - Penalty to Brock Nelson is over, Brock Nelson is back on ice.
8:19 of 2nd period - Wrist shot by Jason Spezza.
8:19 of 2nd period - Stopped by David Rittich with a rebound.
8:21 of 2nd period - Snap shot by Jason Spezza.
8:21 of 2nd period - Shot Misses the Net.
8:23 of 2nd period - Snap shot by Daniel Sprong.
8:23 of 2nd period - Stopped by David Rittich with a rebound.
8:25 of 2nd period - Snap shot by Daniel Sprong.
8:25 of 2nd period - Stopped by David Rittich without a rebound.
8:26 of 2nd period - Ryan Donato wins face-off versus Auston Matthews in Boston Bruins zone.
9:13 of 2nd period - Slapshot by Kris Letang.
9:13 of 2nd period - Stopped by David Rittich with a rebound.
9:35 of 2nd period - Wrist shot by Jason Spezza.
9:35 of 2nd period - Deflect By Oliver Bjorkstrand.
9:35 of 2nd period - Stopped by David Rittich with a rebound.
9:37 of 2nd period - Slapshot by Daniel Sprong.
9:37 of 2nd period - Shot Misses the Net.
9:39 of 2nd period - Slapshot by Kris Letang.
9:39 of 2nd period - Shot Blocked by Charlie McAvoy.
9:41 of 2nd period - Wrist shot by Jason Spezza.
9:41 of 2nd period - Goal by Jason Spezza - Boston Bruins : 3 - Detroit Red Wings : 2.
9:42 of 2nd period - Nick Paul wins face-off versus Auston Matthews in neutral zone.
10:09 of 2nd period - Vincent Trocheck is hit by Jared McCann and loses puck.
10:32 of 2nd period - Wrist shot by Joonas Donskoi.
10:32 of 2nd period - Shot Misses the Net.
11:09 of 2nd period - Snap shot by Auston Matthews.
11:09 of 2nd period - Stopped by David Rittich with a rebound.
12:12 of 2nd period - Wrist shot by Jonathan Huberdeau.
12:12 of 2nd period - Shot Blocked by Matt Grzelcyk.
12:14 of 2nd period - Snap shot by Shayne Gostisbehere.
12:14 of 2nd period - Shot Misses the Net.
13:00 of 2nd period - Shayne Gostisbehere is hit by Samuel Girard and loses puck.
13:07 of 2nd period - Minor Penalty to Tyler Ennis for Holding.
13:08 of 2nd period - Mika Zibanejad wins face-off versus Vincent Trocheck in Detroit Red Wings zone.
13:20 of 2nd period - Jonathan Huberdeau is hit by Oliver Bjorkstrand and loses puck.
15:07 of 2nd period - Penalty to Tyler Ennis is over, Tyler Ennis is back on ice.
15:11 of 2nd period - Snap shot by Arthur Kaliyev.
15:11 of 2nd period - Shot Blocked by Anthony Beauvillier.
15:13 of 2nd period - Wrist shot by Jason Spezza.
15:13 of 2nd period - Stopped by David Rittich with a rebound.
15:25 of 2nd period - Wrist shot by Arthur Kaliyev.
15:25 of 2nd period - Shot Misses the Net.
15:27 of 2nd period - Slapshot by Kris Letang.
15:27 of 2nd period - Stopped by David Rittich with a rebound.
15:29 of 2nd period - Snap shot by Jason Spezza.
15:29 of 2nd period - Stopped by David Rittich without a rebound.
15:30 of 2nd period - Mika Zibanejad wins face-off versus Brock McGinn in Boston Bruins zone.
15:31 of 2nd period - Slapshot by Jared McCann.
15:31 of 2nd period - Shot Misses the Net.
15:33 of 2nd period - Snap shot by Jared McCann.
15:33 of 2nd period - Stopped by David Rittich with a rebound.
15:35 of 2nd period - Slapshot by Mika Zibanejad.
15:35 of 2nd period - Goal by Mika Zibanejad - Boston Bruins : 3 - Detroit Red Wings : 3.
15:36 of 2nd period - Auston Matthews wins face-off versus Vincent Trocheck in neutral zone.
15:46 of 2nd period - Minor Penalty to Vincent Trocheck for Slashing.
15:47 of 2nd period - Jonathan Huberdeau wins face-off versus Joonas Donskoi in Boston Bruins zone.
16:13 of 2nd period - Sean Durzi is hit by Mika Zibanejad.
17:32 of 2nd period - Charlie McAvoy is hit by Auston Matthews and loses puck.
17:46 of 2nd period - Penalty to Vincent Trocheck is over, Vincent Trocheck is back on ice.
18:42 of 2nd period - Victor Mete is hit by Arthur Kaliyev and loses puck.
18:56 of 2nd period - Off-side.
18:57 of 2nd period - Jason Spezza wins face-off versus Vincent Trocheck in neutral zone.
19:08 of 2nd period - Slapshot by Tyson Barrie.
19:08 of 2nd period - Goal by Tyson Barrie - Boston Bruins : 4 - Detroit Red Wings : 3.
19:09 of 2nd period - Auston Matthews wins face-off versus Vincent Trocheck in neutral zone.
19:30 of 2nd period - Auston Matthews is hit by Phil Kessel.
19:40 of 2nd period - Wrist shot by Jared McCann.
19:40 of 2nd period - Shot Misses the Net.
Goals for this period are 3 for Boston Bruins vs 2 for Detroit Red Wings.
Shots for this period are 17 for Boston Bruins vs 15 for Detroit Red Wings.
3rd period
0:01 of 3rd period - Vincent Trocheck wins face-off versus Auston Matthews in neutral zone.
0:36 of 3rd period - Snap shot by Mika Zibanejad.
0:36 of 3rd period - Shot Blocked by Charlie McAvoy.
0:48 of 3rd period - Wrist shot by Ryan Donato.
0:48 of 3rd period - Stopped by Semyon Varlamov without a rebound.
0:49 of 3rd period - Sean Couturier wins face-off versus Ryan Donato in Detroit Red Wings zone.
0:54 of 3rd period - Sean Couturier is hit by Joonas Donskoi and loses puck.
1:45 of 3rd period - Wrist shot by Jonathan Huberdeau.
1:45 of 3rd period - Shot Misses the Net.
2:11 of 3rd period - Snap shot by Kris Letang.
2:11 of 3rd period - Stopped by David Rittich with a rebound.
2:27 of 3rd period - Brock Nelson is hit by Nick Paul and loses puck.
2:54 of 3rd period - Snap shot by Auston Matthews.
2:54 of 3rd period - Stopped by David Rittich with a rebound.
2:56 of 3rd period - Wrist shot by Auston Matthews.
2:56 of 3rd period - Stopped by David Rittich without a rebound.
2:57 of 3rd period - Nick Paul wins face-off versus Auston Matthews in Boston Bruins zone.
3:02 of 3rd period - Snap shot by Brandon Hagel.
3:02 of 3rd period - Shot Blocked by Arthur Kaliyev.
3:08 of 3rd period - Wrist shot by Brandon Hagel.
3:08 of 3rd period - Shot Misses the Net.
3:29 of 3rd period - Slapshot by Tyler Ennis.
3:29 of 3rd period - Shot Misses the Net.
3:43 of 3rd period - Slapshot by Oliver Bjorkstrand.
3:43 of 3rd period - Shot Misses the Net.
3:45 of 3rd period - Wrist shot by Vincent Trocheck.
3:45 of 3rd period - Stopped by Semyon Varlamov with a rebound.
3:49 of 3rd period - Wrist shot by Oliver Bjorkstrand.
3:49 of 3rd period - Deflect By Phil Kessel.
3:49 of 3rd period - Goal by Phil Kessel - Boston Bruins : 5 - Detroit Red Wings : 3.
3:50 of 3rd period - Vincent Trocheck wins face-off versus Auston Matthews in neutral zone.
3:53 of 3rd period - Slapshot by Oliver Bjorkstrand.
3:53 of 3rd period - Stopped by Semyon Varlamov without a rebound.
3:54 of 3rd period - Auston Matthews wins face-off versus Vincent Trocheck in Detroit Red Wings zone.
3:54 of 3rd period - Auston Matthews is hit by Vincent Trocheck.
4:00 of 3rd period - Wrist shot by Oliver Bjorkstrand.
4:00 of 3rd period - Goal by Oliver Bjorkstrand - Boston Bruins : 6 - Detroit Red Wings : 3.
4:01 of 3rd period - Vincent Trocheck wins face-off versus Auston Matthews in neutral zone.
4:10 of 3rd period - Wrist shot by Oliver Bjorkstrand.
4:10 of 3rd period - Stopped by Semyon Varlamov with a rebound.
4:18 of 3rd period - Snap shot by Jonathan Huberdeau.
4:18 of 3rd period - Shot Blocked by Sean Durzi.
4:28 of 3rd period - Kris Letang is hit by Joel Farabee and loses puck.
5:21 of 3rd period - Wrist shot by Daniel Sprong.
5:21 of 3rd period - Stopped by David Rittich with a rebound.
5:35 of 3rd period - Slapshot by Auston Matthews.
5:35 of 3rd period - Shot Misses the Net.
5:37 of 3rd period - Slapshot by MacKenzie Weegar.
5:37 of 3rd period - Shot Blocked by Matt Grzelcyk.
5:39 of 3rd period - Snap shot by MacKenzie Weegar.
5:39 of 3rd period - Stopped by David Rittich with a rebound.
5:41 of 3rd period - Snap shot by Auston Matthews.
5:41 of 3rd period - Stopped by David Rittich without a rebound.
5:42 of 3rd period - Mika Zibanejad wins face-off versus Ryan Donato in Boston Bruins zone.
6:18 of 3rd period - Snap shot by Jonathan Huberdeau.
6:18 of 3rd period - Stopped by David Rittich with a rebound.
7:17 of 3rd period - Snap shot by Oliver Bjorkstrand.
7:17 of 3rd period - Stopped by Semyon Varlamov without a rebound.
7:18 of 3rd period - Vincent Trocheck wins face-off versus Auston Matthews in Detroit Red Wings zone.
7:25 of 3rd period - Slapshot by Phil Kessel.
7:25 of 3rd period - Shot Misses the Net.
7:51 of 3rd period - Jamie Drysdale is hit by Joel Farabee and loses puck.
8:50 of 3rd period - Slapshot by Samuel Girard.
8:50 of 3rd period - Shot Misses the Net.
8:52 of 3rd period - Slapshot by Samuel Girard.
8:52 of 3rd period - Shot Blocked by Keith Yandle.
10:06 of 3rd period - Slapshot by Joel Farabee.
10:06 of 3rd period - Stopped by Semyon Varlamov with a rebound.
10:19 of 3rd period - Off-side.
10:20 of 3rd period - Auston Matthews wins face-off versus Mason Appleton in neutral zone.
10:29 of 3rd period - Wrist shot by Auston Matthews.
10:29 of 3rd period - Stopped by David Rittich with a rebound.
10:31 of 3rd period - Wrist shot by Auston Matthews.
10:31 of 3rd period - Stopped by David Rittich with a rebound.
10:33 of 3rd period - Snap shot by Auston Matthews.
10:33 of 3rd period - Goal by Auston Matthews - Boston Bruins : 6 - Detroit Red Wings : 4.
10:34 of 3rd period - Vincent Trocheck wins face-off versus Auston Matthews in neutral zone.
11:02 of 3rd period - Off-side.
11:03 of 3rd period - Mika Zibanejad wins face-off versus Joel Farabee in neutral zone.
11:10 of 3rd period - Wrist shot by Brock Nelson.
11:10 of 3rd period - Shot Misses the Net.
11:30 of 3rd period - Vincent Trocheck is hit by Shayne Gostisbehere and loses puck.
12:03 of 3rd period - Minor Penalty to Kris Letang for Slashing.
12:04 of 3rd period - Vincent Trocheck wins face-off versus Sean Couturier in Detroit Red Wings zone.
12:15 of 3rd period - Wrist shot by Phil Kessel.
12:15 of 3rd period - Stopped by Semyon Varlamov with a rebound.
12:17 of 3rd period - Snap shot by Phil Kessel.
12:17 of 3rd period - Stopped by Semyon Varlamov with a rebound.
12:19 of 3rd period - Slapshot by Sean Durzi.
12:19 of 3rd period - Stopped by Semyon Varlamov with a rebound.
13:24 of 3rd period - Icing by Brandon Hagel.
13:25 of 3rd period - Nick Paul wins face-off versus Mika Zibanejad in Boston Bruins zone.
14:03 of 3rd period - Penalty to Kris Letang is over, Kris Letang is back on ice.
14:11 of 3rd period - Jason Spezza is hit by Tyson Barrie and loses puck.
14:28 of 3rd period - Slapshot by Auston Matthews.
14:28 of 3rd period - Shot Misses the Net.
14:44 of 3rd period - Wrist shot by Jared McCann.
14:44 of 3rd period - Stopped by David Rittich with a rebound.
14:46 of 3rd period - Snap shot by Brock Nelson.
14:46 of 3rd period - Shot Misses the Net.
14:48 of 3rd period - Slapshot by Brock Nelson.
14:48 of 3rd period - Goal by Brock Nelson - Boston Bruins : 6 - Detroit Red Wings : 5.
14:49 of 3rd period - Auston Matthews wins face-off versus Vincent Trocheck in neutral zone.
14:54 of 3rd period - Phil Kessel is hit by Auston Matthews and loses puck.
15:25 of 3rd period - Snap shot by Joel Farabee.
15:25 of 3rd period - Stopped by Semyon Varlamov without a rebound.
15:26 of 3rd period - Mika Zibanejad wins face-off versus Nick Paul in Detroit Red Wings zone.
15:53 of 3rd period - Icing by Keith Yandle.
15:54 of 3rd period - Sean Couturier wins face-off versus Vincent Trocheck in Detroit Red Wings zone.
16:03 of 3rd period - Sean Durzi is hit by Michael Del Zotto and loses puck.
16:08 of 3rd period - Snap shot by Sean Couturier.
16:08 of 3rd period - Shot Misses the Net.
16:18 of 3rd period - Snap shot by Sean Couturier.
16:18 of 3rd period - Shot Misses the Net.
16:35 of 3rd period - Snap shot by Michael Del Zotto.
16:35 of 3rd period - Shot Blocked by Sean Durzi.
16:44 of 3rd period - Off-side.
16:45 of 3rd period - Nick Paul wins face-off versus Jonathan Huberdeau in neutral zone.
16:48 of 3rd period - Kris Letang is hit by Tyson Barrie and loses puck.
17:11 of 3rd period - Anthony Beauvillier is hit by Jared McCann and loses puck.
18:04 of 3rd period - Wrist shot by Jonathan Huberdeau.
18:04 of 3rd period - Deflect By Auston Matthews.
18:04 of 3rd period - Shot Blocked by Victor Mete.
18:04 of 3rd period - Puck is out of play.
18:05 of 3rd period - Vincent Trocheck wins face-off versus Tyler Ennis in Boston Bruins zone.
18:05 of 3rd period - Vincent Trocheck is hit by MacKenzie Weegar.
19:07 of 3rd period - Detroit Red Wings, Semyon Varlamov is pulled from the net.
19:40 of 3rd period - Vincent Trocheck is hit by Auston Matthews and loses puck.
19:57 of 3rd period - Slapshot by Jonathan Huberdeau.
19:57 of 3rd period - Shot Misses the Net.
Goals for this period are 2 for Boston Bruins vs 2 for Detroit Red Wings.
Shots for this period are 12 for Boston Bruins vs 12 for Detroit Red Wings.
Back to the Top